 Dungeon Crawl Stone Soup version 0.10.4 character file.

323 dknweql the Skirmisher (level 5, 0/42 HPs)
             Began as a Mummy Fighter on Oct 14, 2021.
             Slain by an ogre
             ... wielding a +0,+0 giant club
              (17 damage)
             ... on Level 4 of the Dungeon.
             The game lasted 00:07:38 (2257 turns).

dknweql the Skirmisher (Mummy Fighter)              Turns: 2257, Time: 00:07:38

HP   0/42        AC  8     Str 20      XL: 5   Next: 14%
MP   4/4         EV  6     Int  7      God:
Gold 169         SH 19     Dex 11      Spells:  0 memorised,  4 levels left

Res.Fire  : x . .   See Invis. : .   a - +1,+0 falchion
Res.Cold  : + + .   Warding    : . . b - +0 scale mail
Life Prot.: + + +   Conserve   : .   c - +1 shield
Res.Acid. : . . .   Res.Corr.  : .   (no helmet)
Res.Poison: +       Clarity    : .   (no cloak)
Res.Elec. : .       Spirit.Shd : .   f - +0 pair of gloves
Sust.Abil.: . .     Stasis     : .   (no boots)
Res.Mut.  : .       Ctrl.Telep.: .   e - amulet of controlled flight
Res.Rott. : +       Levitation : .   h - +1 ring of evasion
Saprovore : . . .   Ctrl.Flight: +   g - ring of protection from cold {unknown}

@: slightly resistant to hostile enchantments, extremely unstealthy
A: no food or potions, fire vulnerability, restore body, cold resistance 1, life
protection 3, poison resistance, torment resistance, unbreathing
a: no special abilities


You were on level 4 of the Dungeon.
You were not hungry.

You visited 1 branch of the dungeon, and saw 4 of its levels.

You collected 149 gold pieces.

Inventory:

Hand weapons
 a - a +1,+0 falchion (weapon)
Armour
 b - a +0 scale mail (worn)
 c - a +1 shield (worn)
 f - a +0 pair of gloves (worn)
Scrolls
 d - 2 scrolls of identify
Jewellery
 e - an amulet of controlled flight (around neck)
 g - a ring of protection from cold (left hand) {unknown}
 h - a +1 ring of evasion (right hand)


   Skills:
 + Level 3.7 Fighting
 + Level 2.5 Long Blades
 + Level 3.2 Armour
 + Level 1.8 Dodging
 + Level 3.0 Shields


You had 4 spell levels left.
You didn't know any spells.

Dungeon Overview and Level Annotations

Branches:
Dungeon (4/27)
 Temple: D:4-7

Altars:
Kikubaaqudgha
Jiyva


Innate Abilities, Weirdness & Mutations

You do not eat or drink.
Your flesh is vulnerable to fire.
Your flesh is cold resistant.
You are immune to negative energy.
Your system is resistant to poisons.
You are immune to unholy pain and torment.
You can survive without breathing.


Message History

The bat hits you.
The orc wizard casts a spell.
The orc wizard seems to speed up.
You block the bat's attack.
You hit the ogre.
The ogre is lightly wounded.
The orc barely misses you. You block the bat's attack.
The ogre hits you with a giant club!
Unknown command.
You hit the ogre.
The ogre is lightly wounded.
The orc barely misses you. You block the bat's attack.
The bat hits you but does no damage. The ogre barely misses you.
Unknown command.
Unknown command.
You hit the ogre but do no damage.
The ogre is lightly wounded.
The orc wizard mumbles some strange words.
The orc wizard blinks!
The bat hits you. The bat hits you but does no damage.
The ogre hits you with a giant club!
You die...

### #...
##.###%....
#...##......
##o##....>...
#b@o##........
##O#.#%..)...#
#.oo.rJ......#
##.#o#J........
####o.........
##..........#
#............
##.#J.......#
#.....J.....#


You could see an ogre, 2 jellies, an orc wizard, 5 orcs, a bat and a rat.

Vanquished Creatures
  A hound skeleton (D:1)
  A worm zombie (D:1)
  Terence (D:3)
  4 adders
  An adder zombie (D:1)
  A worm (D:2)
  A giant gecko (D:2)
  3 bats
  A giant cockroach (D:2)
  8 goblins
  6 hobgoblins
  6 kobolds
  A ball python (D:2)
  A giant gecko skeleton (D:1)
  4 giant newts
  A hobgoblin skeleton (D:1)
  A hobgoblin zombie (D:1)
  3 jackals (D:3)
  An orc skeleton (D:1)
  A quokka skeleton (D:4)
  3 rats
  2 rat skeletons (D:1)
  A rat zombie (D:1)
  A toadstool (D:3)
54 creatures vanquished.

Vanquished Creatures (others)
  A human (D:3)
  A goblin (D:4)
2 creatures vanquished.

Grand Total: 56 creatures vanquished

Notes
Turn   | Place    | Note
--------------------------------------------------------------
     0 | D:1      | dknweql, the Mummy Fighter, began the quest for the Orb.
     0 | D:1      | Reached XP level 1. HP: 18/18 MP: 0/0
    97 | D:1      | Noticed a hobgoblin skeleton
    99 | D:1      | Noticed a rat zombie
   102 | D:1      | Killed a hobgoblin skeleton
   109 | D:1      | Killed a rat zombie
   193 | D:1      | Reached XP level 2. HP: 20/24 MP: 1/1
   217 | D:1      | Noticed a giant gecko skeleton
   217 | D:1      | Noticed an orc skeleton
   222 | D:1      | Noticed a hobgoblin zombie
   223 | D:1      | Killed an orc skeleton
   226 | D:1      | Killed a hobgoblin zombie
   226 | D:1      | Reached skill level 1 in Dodging
   231 | D:1      | Killed a giant gecko skeleton
   293 | D:1      | Noticed a rat skeleton
   293 | D:1      | Noticed a rat skeleton
   294 | D:1      | Noticed an adder zombie
   296 | D:1      | Killed a rat skeleton
   313 | D:1      | Killed an adder zombie
   314 | D:1      | Killed a rat skeleton
   451 | D:1      | Noticed a worm zombie
   464 | D:1      | Killed a worm zombie
   464 | D:1      | Reached XP level 3. HP: 12/30 MP: 2/2
   483 | D:1      | Noticed a hound skeleton
   494 | D:1      | Killed a hound skeleton
   494 | D:1      | Reached XP level 4. HP: 15/36 MP: 3/3
  1632 | D:3      | Noticed Terence
  1685 | D:3      | Killed Terence
  1899 | D:3      | Found an ancient bone altar of Kikubaaqudgha.
  1947 | D:3      | Reached XP level 5. HP: 39/42 MP: 4/4
  2222 | D:4      | Found a viscous altar of Jiyva.
  2257 | D:4      | Slain by an ogre
